Map: Ulrena

Players

LilDicky

  • Race: Terran Terran
  • League: Diamond

Hyoung - Winner!

  • Race: Terran Terran
  • League: Platinum

VOD

http://www.twitch.tv/tumescentpie

Description

Time

  • Played on: Dec. 10, 2015, 12:35 p.m.
  • Length: 13:45
Show
View Real Time Build Order
Export as new Build Order

LilDicky Terran 

Build Orders: Mech 

Get SALT Encoding   

  12  0:01  SCV  
  13  0:13  SCV  
  14  0:18  Supply Depot  
  14  0:25  SCV  
  15  0:38  Refinery  
  15  0:40  SCV  
  16  0:49  Barracks  
  16  0:52  SCV  
  17  1:04  SCV  
  18  1:16  SCV  
  19  1:28  SCV  
  20  1:39  Supply Depot  
  21  1:40  Reaper  
  21  1:42  Orbital Command  
  21  1:44  Refinery  
  21  2:04  Factory  
  21  2:07  SCV  
  22  2:12  Marine  
  23  2:19  SCV  
  24  2:31  SCV  
  24  2:33  Supply Depot  
  24  2:34  Marine  
  26  2:44  SCV  
  26  2:49  Factory Tech Lab  
  27  2:51  Starport  
  27  2:52  Marine  
  27  2:56  SCV  
  29  3:10  SCV, Marine  
  31  3:13  Siege Tank  
  34  3:22  SCV  
  34  3:23  Command Center  
  35  3:28  Marine  
  35  3:34  SCV, Medivac  
  38  3:42  Supply Depot  
  38  3:46  SCV  
  39  3:51  Barracks Reactor  
  39  4:03  SCV  
  39  4:09  Factory Reactor  
  40  4:19  Banshee, Cloaking Field  
  40  4:21  SCV  
  38  4:46  SCV  
  38  4:49  Engineering Bay, Orbital Command  
  38  4:50  Marine  
  38  4:52  Widow Mine x2  
  39  4:55  Marine  
  39  4:58  SCV  
  43  5:04  Banshee  
  46  5:10  SCV  
  45  5:18  Missile Turret  
  44  5:21  Hellion x2  
  44  5:22  Missile Turret  
  46  5:36  SCV x2  
  50  5:43  Hellion x2, Refinery  
  50  5:44  Refinery  
  50  5:48  SCV  
  49  6:00  SCV x2  
  51  6:06  Hellion x2  
  55  6:16  Terran Infantry Weapons Level 1  
  52  6:21  Factory  
  52  6:22  Factory  
  52  6:23  Factory  
  52  6:24  Command Center  
  48  6:39  Hellion x2  
  48  6:43  SCV  
  47  7:00  Hellion  
  47  7:01  SCV x2  
  50  7:06  Hellion  
  50  7:07  Factory Tech Lab  
  57  7:10  Factory Reactor x2  
  57  7:13  SCV  
  54  7:18  Banshee  
  54  7:20  SCV  
  54  7:21  Hellion, Missile Turret  
  54  7:22  Refinery  
  60  7:23  Refinery  
  60  7:25  SCV  
  61  7:36  Hellion x2  
  65  7:47  Command Center  
  65  7:48  Missile Turret  
  64  7:52  Marine x2  
  66  8:01  Viking  
  66  8:04  Hellion x2  
  66  8:05  Hellion x2  
  76  8:09  Missile Turret, Marine  
  76  8:11  Cyclone  
  76  8:12  SCV x2  
  82  8:24  Planetary Fortress  
  82  8:26  Refinery  
  82  8:28  Missile Turret  
  82  8:31  Viking, Widow Mine  
  82  8:32  Widow Mine x3  
  90  8:39  SCV x2  
  92  8:51  SCV x2  
  91  9:07  Raven  
  93  9:14  Planetary Fortress  
  93  9:18  Missile Turret  
  93  9:23  SCV  
  94  9:24  Hellion, Siege Tank  
  94  9:25  Hellion  
  94  9:27  Command Center  
  99  9:36  Armory  
  99  9:37  Command Center, Armory  
  93  9:40  Refinery  
  91  9:59  Hellion x3  
  97  10:00  Missile Turret  
  97  10:01  Hellion, Missile Turret  
  99  10:08  Refinery  
  99  10:14  Hellion  
  99  10:15  Hellion  
  103  10:27  Drilling Claws  
  103  10:30  SCV x2  
  103  10:32  Factory  
  105  10:36  Banshee  
  107  10:50  Planetary Fortress  
  82  11:25  Hellion x3  
  90  11:26  Hellion  
  90  11:27  Hellion  
  90  11:29  SCV x2  
  90  11:48  Hellion x3  
  96  11:58  Planetary Fortress  
  96  12:00  SCV x2  
  55  12:25  Hellion x2, Siege Tank  
  55  12:26  Hellion  
  55  12:28  SCV  
  55  12:29  SCV  
  58  12:38  SCV  
  58  12:39  SCV x3  
  62  12:47  Widow Mine x2  
  62  12:48  Hellion x2  
  62  12:49  Hellion  
  62  12:50  SCV x3  
  75  12:55  SCV x3  
  75  12:57  Siege Tank  
  81  13:02  SCV x2  
  83  13:06  Hellion  
  83  13:07  SCV x2  
  85  13:19  SCV  
  86  13:20  SCV  
  85  13:31  SCV  
Show
View Real Time Build Order
Export as new Build Order

Hyoung Terran - Winner!

Build Orders: MMM Bio 

Get SALT Encoding   

  12  0:01  SCV  
  13  0:13  SCV  
  14  0:17  Supply Depot  
  14  0:25  SCV  
  15  0:39  SCV  
  15  0:41  Barracks  
  16  0:51  SCV  
  16  0:52  Refinery  
  17  1:03  SCV  
  18  1:15  SCV  
  19  1:31  Orbital Command  
  19  1:35  Marine  
  20  1:44  Command Center  
  20  1:54  Supply Depot  
  20  1:55  Marine  
  20  1:58  SCV  
  22  2:09  Factory  
  22  2:13  SCV  
  22  2:15  Barracks Reactor  
  23  2:25  SCV  
  24  2:30  Refinery  
  24  2:37  SCV  
  25  2:49  SCV  
  26  2:51  Marine  
  26  2:52  Marine  
  26  2:53  Widow Mine  
  26  2:55  Orbital Command  
  30  3:00  Starport  
  30  3:03  SCV  
  31  3:10  Marine x2  
  33  3:16  SCV  
  33  3:19  Engineering Bay  
  34  3:21  Widow Mine  
  34  3:22  Orbital Command  
  36  3:38  Starport Tech Lab  
  36  3:45  Barracks Tech Lab  
  36  3:46  Missile Turret  
  36  3:51  SCV  
  37  3:58  Banshee  
  37  3:59  Missile Turret  
  37  4:00  SCV  
  41  4:03  SCV, Widow Mine  
  41  4:04  Widow Mine  
  46  4:16  Supply Depot  
  46  4:19  Refinery  
  46  4:22  Refinery  
  46  4:27  Stimpack  
  46  4:33  Barracks  
  46  4:35  SCV, Marine  
  38  4:47  SCV  
  38  4:52  Widow Mine x2  
  40  4:57  SCV  
  40  4:59  SCV  
  44  5:01  Banshee, Cloaking Field  
  44  5:05  Marine  
  48  5:09  SCV  
  48  5:11  SCV  
  50  5:24  SCV  
  50  5:27  SCV  
  50  5:36  SCV  
  50  5:37  Marine x2  
  53  5:44  Supply Depot  
  53  5:45  Widow Mine  
  54  6:05  SCV x2, Widow Mine  
  54  6:06  Supply Depot  
  52  6:12  Supply Depot  
  52  6:17  SCV x2  
  54  6:26  Banshee  
  54  6:30  SCV x2  
  54  6:42  SCV x2  
  54  6:44  Bunker  
  54  6:46  Bunker, Missile Turret  
  56  6:49  Widow Mine x2  
  56  6:54  SCV x2  
  62  6:56  Marine x2  
  62  6:57  Combat Shields, Barracks  
  62  6:58  Barracks  
  64  7:02  Supply Depot  
  64  7:05  Armory, Factory  
  64  7:06  Terran Infantry Weapons Level 1, Engineering Bay  
  64  7:19  SCV  
  64  7:20  SCV  
  66  7:30  Supply Depot, Widow Mine, Barracks Reactor  
  66  7:31  SCV, Widow Mine  
  66  7:35  SCV  
  72  7:43  Starport Reactor  
  72  7:44  SCV  
  73  7:47  SCV  
  74  7:53  Barracks Reactor  
  74  7:54  Barracks Tech Lab  
  74  7:55  Terran Vehicle Weapons Level 1  
  74  7:56  Terran Infantry Armor Level 1, Factory, SCV  
  75  8:11  Factory Tech Lab  
  75  8:13  Widow Mine  
  75  8:14  Hellion  
  79  8:26  Command Center  
  78  8:29  Medivac  
  78  8:30  Medivac  
  82  8:42  SCV x2, Marine x3  
  82  8:43  Factory Tech Lab  
  86  9:00  Marine x3  
  86  9:01  Marauder  
  91  9:05  Siege Tank x2  
  94  9:21  Refinery  
  94  9:22  Refinery  
  94  9:31  Marine  
  94  9:33  Medivac  
  94  9:38  Medivac  
  90  9:51  Marine x2  
  90  9:52  Marauder x2, Marine  
  91  9:55  Planetary Fortress  
  91  10:00  Missile Turret  
  91  10:01  SCV  
  92  10:09  SCV  
  92  10:13  Marauder  
  95  10:30  Command Center, Medivac  
  95  10:31  Terran Infantry Armor Level 2, Terran Infantry Weapons Level 2, Medivac  
  99  10:37  Siege Tank x2  
  99  10:38  Hellion  
  99  10:39  Hellion  
  96  11:12  SCV x3  
  96  11:16  Marine x3  
  96  11:17  Marauder, Marine x2  
  102  11:19  Medivac x2  
  106  11:26  Starport  
  106  11:27  Starport  
  106  11:34  Hellion, Marine  
  109  11:42  Supply Depot, Hellion, Siege Tank x2, Marauder x2  
  109  11:43  Supply Depot  
  109  11:46  Marine x3  
  118  11:47  Concussive Shells  
  118  12:03  Marauder  
  118  12:04  Marine x2  
  118  12:05  Marauder  
  118  12:06  Supply Depot x2  
  124  12:09  Starport Tech Lab x2  
  124  12:13  Fusion Core  
  109  12:25  Marauder  
  109  12:30  Planetary Fortress  
  109  12:35  Supply Depot  
  109  12:38  SCV, Supply Depot x2  
  109  12:40  Medivac x2  
  114  12:50  SCV  
  115  12:58  Marine x4  
  115  12:59  Marauder x2  
  123  13:09  Supply Depot  
  123  13:16  Marine  
  123  13:17  Marine x2  
  125  13:20  Marauder x2  
Tags
 
Add a new tag
Caveats
  • Supply blocks, unpowered buildings, or Contaminate may cause inaccurate times.
  • Supply counts are checked every 10 seconds.